 Dungeon Crawl Stone Soup version 0.31-a0-83-gbff143cfd1 (webtiles) character file.

Game seed: 10756899776054643537

217 Maxmaps the Slicer (level 5, -2/38 HPs)
             Began as a Gnoll Wanderer on May 25, 2023.
             Slain by an iguana (9 damage)
             ... on level 4 of the Dungeon.
             The game lasted 00:03:04 (3057 turns).

Maxmaps the Slicer (Gnoll Wanderer)                 Turns: 3057, Time: 00:03:05

Health: -2/38      AC:  7    Str: 12    XL:     5   Next: 94%
Magic:  7/7        EV: 11    Int: 13    God:
Gold:   172        SH:  5    Dex: 11    Spells: 7/7 levels left

rFire   . . .        b - +1 whip (elec)
rCold   . . .        (no shield)
rNeg    . . .        c - +0 ring mail
rPois   .            (no helmet)
rElec   .            (no cloak)
rCorr   .            (no gloves)
SInv    .            k - +0 pair of boots
Will    .....        q - amulet of reflection
Stlth   +            (no ring)
HPRegen 0.26/turn    (no ring)
MPRegen 0.10/turn

%: reflection
@: no status effects
A: fangs 1, strong nose, distributed training
a: no special abilities


You were on level 4 of the Dungeon.
You visited 1 branch of the dungeon, and saw 4 of its levels.

You collected 172 gold pieces.

Inventory:

Hand Weapons
 b - a +1 whip of electrocution (weapon)
 j - a +0 flail
 s - a +3 whip of venom
Armour
 c - a +0 ring mail (worn)
 k - a +0 pair of boots (worn)
Jewellery
 p - a ring of ice
 q - an amulet of reflection (around neck)
Wands
 t - a wand of paralysis (6)
Scrolls
 a - a scroll of vulnerability {unknown}
 d - 2 scrolls of teleportation
 f - a scroll of poison {unknown}
 g - a scroll of butterflies {unknown}
 i - 2 scrolls of identify {unknown}
 l - a scroll of fear {unknown}
 n - a scroll of fog {unknown}
 o - a scroll of enchant armour {unknown}
 r - a scroll of immolation {unknown}
 w - a scroll of brand weapon {unknown}
Potions
 m - a potion of resistance
 u - a potion of ambrosia {unknown}
 v - a potion of degeneration {unknown}
 x - a potion of lignification
 z - a potion of might {unknown}


   Skills:
 + Level 1.8 Fighting
 + Level 8.7 Short Blades
 + Level 1.8 Long Blades
 + Level 1.8 Axes
 + Level 4.9 Maces & Flails
 + Level 1.8 Polearms
 + Level 1.8 Staves
 + Level 1.8 Ranged Weapons
 + Level 1.8 Throwing
 + Level 4.9 Armour
 + Level 4.9 Dodging
 + Level 1.8 Stealth
 + Level 1.8 Shields
 + Level 1.8 Unarmed Combat
 + Level 1.8 Spellcasting
 + Level 1.4 Conjurations
 + Level 1.4 Hexes
 + Level 1.4 Summonings
 + Level 1.4 Necromancy
 + Level 1.4 Translocations
 + Level 1.4 Transmutations
 + Level 1.4 Fire Magic
 + Level 1.4 Ice Magic
 + Level 1.4 Air Magic
 + Level 1.4 Earth Magic
 + Level 1.4 Poison Magic
 + Level 2.0 Invocations
 + Level 1.8 Evocations


You had 7 spell levels left.
You didn't know any spells.
Your spell library was empty.

Dungeon Overview and Level Annotations

Branches:
Dungeon (4/15)
 Temple: D:4-7

Altars:


Innate Abilities, Weirdness & Mutations

You have very sharp teeth.
Your uncanny sense of smell can sniff out nearby items.
Your experience applies equally to all skills.


Message History

The scorpion stings you but does no damage.
You closely miss the scorpion.
The scorpion is severely wounded.
The scorpion stings you but does no damage.
You hit the scorpion. Lightning courses through the scorpion!
You kill the scorpion!
Your Invocations skill increases to level 2!
You cannot move.
You start resting.
Your transformation is almost over.
You feel less attractive to monsters.
You start resting.
An iguana comes into view.
An iguana is nearby!
Unknown command.
You start to feel less resistant.
The iguana hisses angrily.
You feel less wooden.
Your +0 pair of boots unmelds from your body.
Your +0 ring mail unmelds from your body.
Your resistance to elements expires.
You hit the iguana.
The iguana is lightly wounded.
You block the iguana's attack.
You hit the iguana.
The iguana is heavily wounded.
You block the iguana's attack.
You barely miss the iguana.
The iguana is heavily wounded.
The iguana bites you!
* * * LOW HITPOINT WARNING * * *
You closely miss the iguana.
The iguana is heavily wounded.
The iguana bites you but does no damage.
You closely miss the iguana.
The iguana is heavily wounded.
You closely miss the iguana.
The iguana is heavily wounded.
The iguana bites you!
You die...

.)......# #........
#$......# #.......#
####.......#
..........#
#.l......# #######
#.@......#
#.....###.########
#.###.#.†.##### #.#
#.#.......#
#.###.#.......#
#...#.#.......####
###.#.#...........
#...'.[.........
######+##...........


You could see an iguana.

Vanquished Creatures
  A scorpion (D:4)
  4 adders
  4 gnolls
  2 worms
  A dart slug (D:1)
  An orc (D:2)
  9 ball pythons
  8 endoplasms
  2 giant cockroaches
  6 goblins
  4 hobgoblins
  2 jackals (D:4)
  12 kobolds
  3 quokkas
  4 bats
  6 frilled lizards
  7 rats
76 creatures vanquished.

Notes
Turn   | Place    | Note
-------+----------+-------------------------------------------
     0 | D:1      | Maxmaps the Gnoll Wanderer began the quest for the Orb.
     0 | D:1      | Maxmaps set off with the following items: a +0 rapier, a +0
                  | mace, a +0 ring mail, a scroll of teleportation.
     0 | D:1      | Reached XP level 1. HP: 13/13 MP: 1/1
   327 | D:1      | Reached XP level 2. HP: 19/19 MP: 2/2
   881 | D:1      | Reached XP level 3. HP: 5/25 MP: 3/3
  1343 | D:2      | Reached skill level 1 in Invocations
  1552 | D:2      | Found a faded altar of an unknown god.
  1938 | D:2      | Reached skill level 1 in Fighting
  1938 | D:2      | Reached skill level 1 in Long Blades
  1938 | D:2      | Reached skill level 1 in Axes
  1938 | D:2      | Reached skill level 1 in Polearms
  1938 | D:2      | Reached skill level 1 in Staves
  1938 | D:2      | Reached skill level 1 in Ranged Weapons
  1938 | D:2      | Reached skill level 1 in Throwing
  1938 | D:2      | Reached skill level 1 in Stealth
  1938 | D:2      | Reached skill level 1 in Shields
  1938 | D:2      | Reached skill level 1 in Unarmed Combat
  1938 | D:2      | Reached skill level 1 in Spellcasting
  1938 | D:2      | Reached skill level 1 in Evocations
  2183 | D:3      | Reached XP level 4. HP: 16/32 MP: 5/5
  2431 | D:3      | Reached skill level 1 in Conjurations
  2431 | D:3      | Reached skill level 1 in Hexes
  2431 | D:3      | Reached skill level 1 in Summonings
  2431 | D:3      | Reached skill level 1 in Necromancy
  2431 | D:3      | Reached skill level 1 in Translocations
  2431 | D:3      | Reached skill level 1 in Transmutations
  2431 | D:3      | Reached skill level 1 in Fire Magic
  2431 | D:3      | Reached skill level 1 in Ice Magic
  2431 | D:3      | Reached skill level 1 in Air Magic
  2431 | D:3      | Reached skill level 1 in Earth Magic
  2431 | D:3      | Reached skill level 1 in Poison Magic
  2812 | D:3      | Reached XP level 5. HP: 14/37 MP: 5/7
  3057 | D:4      | Slain by an iguana

Illustrated notes

Levels and vault maps discovered:
D:1:      dpeg_arrival_circle_labyrinth_a, layout_loops_corners,
          nicolae_figureground_sparkle
D:2:      layout_basic, hellmonk_ecumenical_altar_pennies_from_heaven,
          bh_walls_and_bars
D:3:      layout_rooms, serial_aquarium, aquarium_bridge_square
          [aquarium_subvault_bridge, aquarium_subvault_window,
          aquarium_subvault_bridge, aquarium_subvault_wall],
          aquarium_bridge_square [aquarium_subvault_wall,
          aquarium_subvault_window, aquarium_subvault_bridge,
          aquarium_subvault_bridge], aquarium_window_corner,
          aquarium_window_fake, aquarium_window_2, aquarium_window_fake,
          aquarium_view_2c, aquarium_pool_2
D:4:      layout_basic, minivault_23

Skill      XL: |  1  2  3  4  5 |
---------------+----------------+-----
Invocations    | 1 2 |  2.0
Fighting       | 1 |  1.8
Long Blades    | 1 |  1.8
Axes           | 1 |  1.8
Polearms       | 1 |  1.8
Staves         | 1 |  1.8
Ranged Weapons | 1 |  1.8
Throwing       | 1 |  1.8
Stealth        | 1 |  1.8
Shields        | 1 |  1.8
Unarmed Combat | 1 |  1.8
Spellcasting   | 1 |  1.8
Evocations     | 1 |  1.8
Conjurations   | 1 |  1.4
Hexes          | 1 |  1.4
Summonings     | 1 |  1.4
Necromancy     | 1 |  1.4
Translocations | 1 |  1.4
Transmutations | 1 |  1.4
Fire Magic     | 1 |  1.4
Ice Magic      | 1 |  1.4
Air Magic      | 1 |  1.4
Earth Magic    | 1 |  1.4
Poison Magic   | 1 |  1.4
Short Blades   | |  8.7
Maces & Flails | |  4.9
Armour         | |  4.9
Dodging        | |  4.9

Action                     |  1- 3 |  4- 6 || total
---------------------------+-------+-------++-------
  Melee: Rapier            |    46 |       ||    46
         Bite              |     9 |     5 ||    14
         Flail             |    19 |       ||    19
         Whip              |    72 |   106 ||   178
         Punch             |       |     2 ||     2
    Use: Potion            |       |     4 ||     4
 Armour: Ring mail         |    50 |    34 ||    84
         Skin              |       |     5 ||     5
  Dodge: Dodged            |    86 |    44 ||   130
  Block: Other             |     4 |    28 ||    32
         Reflection        |       |     1 ||     1

Table legend: (Time is in decaauts)
 A = Elapsed time spent in this place.
 B = Non-inter-level travel time spent in this place.
 C = Inter-level travel time spent in this place.
 D = Time resting spent in this place.
 E = Time spent auto-exploring this place.
 F = Levels seen in this place.
 G = Mean time per level.
                   A        B        C        D        E       F      G
               +--------+--------+--------+--------+--------+-----+--------+
         Total |   3025 |   2906 |    119 |    102 |   2321 |   4 |  756.2 |
       Dungeon |   3025 |   2906 |    119 |    102 |   2321 |   4 |  756.2 |
               +--------+--------+--------+--------+--------+-----+--------+

Top non-repeatable levels by time:
     D:1: 1227 daAuts
     D:2: 926 daAuts
     D:3: 714 daAuts
     D:4: 157 daAuts
